 Dungeon Crawl Stone Soup version 0.30-a0-23-ge60ba3568b (webtiles) character file.

Game seed: 14167429975493457029

52 xian the Sneak (level 3, -1/16 HPs)
             Began as a Vine Stalker Enchanter on Aug 26, 2022.
             Succumbed to an adder's poison
             ... on level 2 of the Dungeon.
             The game lasted 00:03:02 (1931 turns).

xian the Sneak (Vine Stalker Enchanter)             Turns: 1931, Time: 00:03:02

Health: -1/16      AC:  2    Str: 12    XL:     3   Next: 85%
Magic:  2/7        EV: 12    Int: 15    God:
Gold:   70         SH:  0    Dex: 14    Spells: 6/6 levels left

rFire   . . .      SeeInvis .    a - +1 dagger
rCold   . . .      Faith    .    (no shield)
rNeg    . . .      Spirit   +    b - +0 robe
rPois   .          Reflect  .    (no helmet)
rElec   .          Harm     .    (no cloak)
rCorr   .          Rampage  .    (no gloves)
Will    .....                    (no boots)
Stlth   +++.......               (no amulet)
HPRegen 0.05/turn                (no ring)
MPRegen 0.10/turn                (no ring)

@: lethally poisoned (-1 -> -14)
A: fangs 2, magic shield, antimagic bite, no potion heal 2
a: no special abilities


You were on level 2 of the Dungeon.
You visited 1 branch of the dungeon, and saw 2 of its levels.

You collected 70 gold pieces.

Inventory:

Hand Weapons
 a - a +1 dagger (weapon)
Missiles
 d - 2 poisoned darts (quivered)
Armour
 b - a +0 robe (worn)
Scrolls
 e - 2 scrolls of identify {unknown}
 f - a scroll of amnesia {unknown}
 h - a scroll of enchant armour {unknown}
 j - a scroll of teleportation {unknown}
 k - a scroll of noise {unknown}
 l - a scroll of torment {unknown}
Potions
 c - 2 potions of invisibility
 g - 2 potions of curing {unknown}
 i - a potion of mutation {unknown}
 m - a potion of brilliance {unknown}


   Skills:
 + Level 0.1 Fighting
 + Level 1.1 Short Blades
 + Level 1.8 Dodging
 + Level 4.7 Stealth
 + Level 2.4 Spellcasting
 + Level 3.5 Hexes


You had 6 spell levels left.
You didn't know any spells.
Your spell library contained the following spells:

 Spells                   Type           Power      Damage    Failure   Level
 Ensorcelled Hibernation  Hex/Ice        14%        N/A       16%         2
 Confusing Touch          Hex            12%        N/A       16%         3
 Tukima's Dance           Hex            12%        N/A       16%         3
 Beastly Appendage        Tmut           2%         N/A       22%         1
 Dazzling Flash           Conj/Hex       14%        N/A       30%         3
 Wereblood                Tmut           1%         N/A       32%         2
 Spider Form              Tmut/Pois      1%         N/A       54%         3


Dungeon Overview and Level Annotations

Branches:
Dungeon (2/15)

Altars:


Innate Abilities, Weirdness & Mutations

You have extremely sharp teeth.
When hurt, damage is shared between your health and your magic reserves.
Your bite disrupts and absorbs the magic of your enemies.
Potions cannot restore your health.


Message History

The jackal bites you.
You hit the jackal. You bite the jackal.
You kill the jackal!
The jackal closely misses you.
The giant cockroach bites you but does no damage.
The jackal bites you.
Unknown command.
You hit the giant cockroach but do no damage.
Your bite misses the giant cockroach. The giant cockroach misses you.
The jackal closely misses you.
You closely miss the giant cockroach. Your punch misses the giant cockroach.
The giant cockroach bites you. The jackal barely misses you.
The adder closely misses you.
You closely miss the giant cockroach. You bite the giant cockroach.
You drain its power.
You feel invigorated.
The giant cockroach is moderately wounded.
The jackal bites you. The giant cockroach bites you. The adder bites you.
You are poisoned.
The adder poisons you! The jackal barely misses you.
The giant cockroach closely misses you.
You hit the giant cockroach but do no damage.
The giant cockroach is moderately wounded.
You feel sick. The adder misses you.
The jackal bites you but does no damage.
The giant cockroach bites you but does no damage.
You barely miss the giant cockroach.
The giant cockroach is moderately wounded.
You feel sick. The adder misses you. The jackal bites you.
The giant cockroach closely misses you.
Unknown command.
Unknown command.
The adder attacks as you move away! The adder bites you.
You are lethally poisoned!
The adder poisons you!
You feel sick. The adder bites you.
* * * LOW HITPOINT WARNING * * *
You are more poisoned.
The adder poisons you! The jackal barely misses you.
The adder attacks as you move away! The adder bites you.
* * * LOW HITPOINT WARNING * * *
You die...

..... ... ## ...
#.. ... #.# #'#
#.# #.# # #.#
#>#.#####
#.###B†.....#
####..@.S....#..
..#....h..#.#
#.#.##..<## #
#.###.#.###.##
#...........#
#####.#.###.###.#
#.#.........#
#.#####.##### ..
#.#


You could see an adder, a jackal and a giant cockroach.

Vanquished Creatures
  An adder (D:2)
  A worm (D:2)
  2 dart slugs (D:1)
  A bat (D:1)
  6 endoplasms
  A goblin (D:2)
  2 hobgoblins (D:1)
  A jackal (D:2)
  3 quokkas (D:1)
  4 ball pythons (D:1)
  3 frilled lizards
  3 kobolds (D:1)
  8 rats
36 creatures vanquished.

Notes
Turn   | Place    | Note
-------+----------+-------------------------------------------
     0 | D:1      | xian the Vine Stalker Enchanter began the quest for the
                  | Orb.
     0 | D:1      | Reached XP level 1. HP: 9/9 MP: 4/4
   137 | D:1      | Reached XP level 2. HP: 13/13 MP: 6/6
   366 | D:1      | Reached skill level 4 in Stealth
   675 | D:1      | Reached skill level 1 in Short Blades
   768 | D:1      | Reached XP level 3. HP: 16/16 MP: 7/7
  1931 | D:2      | Succumbed to an adder's poison

Illustrated notes

Levels and vault maps discovered:
D:1:      onia_arrival_handbag, layout_basic
D:2:      layout_loops_corners, basic_altar

Skill      XL: |  1  2 |
---------------+-------+-----
Stealth        | 4 |  4.7
Short Blades   | 1 |  1.1
Fighting       | |  0.1
Dodging        | |  1.8
Spellcasting   | |  2.4
Hexes          | |  3.5

Action                   || total
-------------------------++-------
Melee: Dagger            ||    87
       Bite              ||    19
Throw: Dart              ||     1
 Stab: Sleeping          ||    15
Armor: Robe              ||    14
Dodge: Dodged            ||    53

Table legend: (Time is in decaauts)
 A = Elapsed time spent in this place.
 B = Non-inter-level travel time spent in this place.
 C = Inter-level travel time spent in this place.
 D = Time resting spent in this place.
 E = Time spent auto-exploring this place.
 F = Levels seen in this place.
 G = Mean time per level.
                   A        B        C        D        E       F      G
               +--------+--------+--------+--------+--------+-----+--------+
         Total |   1926 |   1895 |     31 |      0 |   1495 |   2 |  963.0 |
       Dungeon |   1926 |   1895 |     31 |      0 |   1495 |   2 |  963.0 |
               +--------+--------+--------+--------+--------+-----+--------+

Top non-repeatable levels by time:
     D:1: 1388 daAuts
     D:2: 538 daAuts
